 Dungeon Crawl Stone Soup version 0.32-a0-576-g706899e69d (webtiles) character file.

Game seed: 5155337628264362814

6316 freelancePsychic the Skirmisher (level 10, -1/72 HPs)
             Began as a Coglin Hunter on Mar 1, 2024.
             Was an Elder of Okawaru.
             Slain by a tengu warrior
             ... wielding a +0 long sword
              (12 damage)
             ... on level 8 of the Dungeon.
             The game lasted 00:11:57 (6360 turns).

freelancePsychic the Skirmisher (Coglin Hunter)     Turns: 6360, Time: 00:11:58

Health: -1/72      AC:  9    Str: 11    XL:     10   Next: 95%
Magic:  11/13      EV: 21    Int:  9    God:    Okawaru [****..]
Gold:   133        SH:  0    Dex: 22    Spells: 9/9 levels left

rFire   . . .        a - +3 sling {Lucía}
rCold   . . .        d - +0 sling {Goro}
rNeg    . . .        z - +1 leather armour {rPois}
rPois   +            (no helmet)
rElec   .            m - +0 cloak
rCorr   .            r - +0 pair of gloves
SInv    .            f - +1 pair of boots
Will    .....        (amulet unavailable)
Stlth   +++          (ring unavailable)
HPRegen 0.32/turn    (ring unavailable)
MPRegen 0.13/turn    (no gizmo)

%: no passive effects
@: heroic, revved
A: off-hand wielding, slow wielding, warmup strikes, no jewellery, frail 1
a: Invent Gizmo, Renounce Religion, Heroism, Finesse


You were on level 8 of the Dungeon.
You worshipped Okawaru.
Okawaru was greatly pleased with you.
You visited 2 branches of the dungeon, and saw 9 of its levels.

You collected 447 gold pieces.
You spent 314 gold pieces at shops.

Inventory:

Hand Weapons
 a - a +3 sling (weapon) {Lucía}
 d - a +0 sling (offhand) {Goro}
Armour
 f - a +1 pair of boots (worn)
 j - +0 steam dragon scales
 m - a +0 cloak (worn)
 r - a +0 pair of gloves (worn)
 z - a +1 leather armour of poison resistance (worn)
Wands
 g - a wand of polymorph (6)
 q - a wand of flame (15)
 t - a wand of digging (5)
 y - a wand of acid (1)
Scrolls
 b - a scroll of poison
 c - a scroll of blinking {unknown}
 e - 2 scrolls of fog
 k - 3 scrolls of vulnerability
 l - a scroll of amnesia
 n - a scroll of revelation
 o - 6 scrolls of teleportation {@r4}
 x - 3 scrolls of identify {@r1}
Potions
 h - a potion of brilliance
 i - a potion of might
 s - 2 potions of enlightenment


   Skills:
 + Level 8.0(13.0) Fighting
 * Level 10.7(15.7) Ranged Weapons
 + Level 7.1(12.1) Dodging
 - Level 0.7(5.7) Stealth
 + Level 4.1 Invocations


You had 9 spell levels left.
You didn't know any spells.
Your spell library contained the following spells:

 Spells                   Type           Power      Damage    Failure   Level
 Sandblast                Erth           0%         2d4       45%         1
 Mercury Vapours          Alch/Air       0%         N/A       61%         2
 Dazzling Flash           Conj/Hex       0%         N/A       83%         3
 Mephitic Cloud           Conj/Alch/Air  0%         N/A       83%         3
 Passwall                 Erth           0%         N/A       83%         3
 Stone Arrow              Conj/Erth      0%         3d7       83%         3
 Volatile Blastmotes      Fire/Tloc      0%         2d10      83%         3
 Brom's Barrelling Bould  Conj/Erth      0%         2d3       99%         4
 Dimensional Bullseye     Hex/Tloc       0%         N/A       99%         4
 Iskenderun's Mystic Bla  Conj/Tloc      0%         2d3       99%         4
 Freezing Cloud           Conj/Ice/Air   0%         6-21      100%        5
 Lee's Rapid Deconstruct  Erth           0%         3d4*      100%        5
 Starburst                Conj/Fire      0%         6d3       100%        6
 Maxwell's Capacitive Co  Air            0%         ∞         100%        8
 Tukima's Dance           Hex            Unusable   N/A       N/A         3
 Animate Armour           Summ/Erth      Unusable   N/A       N/A         4
 Summon Lightning Spire   Summ/Air       Unusable   N/A       N/A         4

Dungeon Overview and Level Annotations

Branches:
Dungeon (8/15)             Temple (1/1) D:6
   Lair: D:8-11

Altars:
Ashenzari
Cheibriados
Dithmenos
Elyvilon
Fedhas
Gozag
Hepliaklqana
Kikubaaqudgha
Makhleb
Nemelex Xobeh
Okawaru
Ru
Trog
Uskayaw
Vehumet
Wu Jian
Xom
Yredelemnul
Zin
The Shining One

Shops:
D:4 *   D:6 ?[*(

Annotations:
D:3 1 runed translucent door, hikkokomori's ghost, amateur MDCA


Innate Abilities, Weirdness & Mutations

You can wield a second weapon in your off-hand.
It takes a long time for you to wield or remove held weapons.
Your first few attacks do less damage.
You cannot equip rings or amulets.
You are frail. (-10% HP)


Message History

You hear an angry hiss.
The polar bear misses you. The polar bear closely misses you.
The polar bear barely misses you.
You shoot a sling bullet. The sling bullet hits the polar bear!
The polar bear is almost dead.
You shoot a sling bullet. The sling bullet hits the polar bear!
You kill the polar bear!
Okawaru accepts your kill.
Your base Fighting skill increases to level 8!
You shoot a sling bullet.
The sling bullet hits the tengu warrior!
The tengu warrior is moderately wounded.
You shoot a sling bullet.
The sling bullet closely misses the tengu warrior.
The sling bullet barely misses the acid dragon.
The tengu warrior hits you with a +0 long sword.
The tengu warrior pecks you but does no damage.
The tengu warrior claws you.
A wyvern comes into view.
You shoot a sling bullet.
The sling bullet hits the tengu warrior!
The tengu warrior is heavily wounded.
You shoot a sling bullet.
The sling bullet barely misses the tengu warrior.
The sling bullet hits the acid dragon.
The acid dragon is lightly wounded.
The tengu warrior slips past you!
The tengu warrior hits you with a +0 long sword!
The tengu warrior barely misses you.
The tengu warrior claws you but does no damage.
The acid dragon spits acid at you. The splash of acid hits you!!
* * * LOW HITPOINT WARNING * * *
You shoot a sling bullet. The sling bullet hits the acid dragon.
The acid dragon is lightly wounded.
You shoot a sling bullet.
The sling bullet hits the acid dragon but does no damage.
The acid dragon is lightly wounded.
The tengu warrior hits you with a +0 long sword!
You die...

### # #.< .. #.#
#####.#
####.#####T....##.
#.....#Q@$D..k...$
#.#.....###.###..#
#......##. ...
#..#..##. .##.#
###..#.##. y. .#
#......#.# Qe ..
#.#....#.#


z.D . # #......# ßcF #..#.#.# You could see a tengu warrior (corroded), a troll,
a wyvern and an acid dragon.

Vanquished Creatures
  2 centaur warriors (D:8)
  Pikel (D:5)
  A cyclops (D:8)
  A deep elf pyromancer (D:8)
  Joseph (D:7)
  Maggie (D:7)
  A polar bear (shapeshifter) (D:8)
  3 yaks (D:6)
  A vampire mosquito (D:8)
  A water moccasin (D:7)
  Duvessa (D:4)
  An ice beast (D:6)
  2 black bears
  An orc warrior (D:7)
  A sky beast (D:6)
  A laughing skull (D:8)
  An ogre (D:7)
  A centaur (D:7)
  A kobold brigand (D:8)
  2 lemures (D:5)
  5 bullfrogs
  A gnoll sergeant (D:5)
  A scorpion (D:5)
  Dowan (D:4)
  2 bombardier beetles
  An orc priest (D:4)
  3 hounds
  4 jellies
  Crazy Yiuf (D:2)
  A gnoll bouda (D:4)
  A sleepcap (D:7)
  7 iguanas
  8 orc wizards
  8 gnolls
  6 adders
  A shadow imp (D:7)
  3 white imps
  2 ribbon worms
  4 dart slugs
  26 orcs
  3 bats
  9 endoplasms
  2 giant cockroaches (D:1)
  3 goblins
  8 hobgoblins
  4 jackals (D:4)
  12 kobolds
  6 quokkas
  6 ball pythons
  A frilled lizard (D:2)
  3 rats
168 creatures vanquished.

Notes
Turn   | Place    | Note
-------+----------+-------------------------------------------
     0 | D:1      | freelancePsychic the Coglin Hunter began the quest for the
                  | Orb.
     0 | D:1      | Reached XP level 1. HP: 16/16 MP: 1/1
   175 | D:1      | Reached XP level 2. HP: 22/22 MP: 2/2
   255 | D:1      | Reached skill level 4 in Ranged Weapons
   569 | D:1      | Reached XP level 3. HP: 28/28 MP: 3/3
   642 | D:1      | Found a faded altar of an unknown god.
  1137 | D:2      | Reached XP level 4. HP: 34/34 MP: 4/4
  1355 | D:2      | Found a runed translucent door.
  1356 | D:2      | Noticed Crazy Yiuf
  1366 | D:2      | Killed Crazy Yiuf
  1758 | D:3      | Noticed hikkokomori's ghost (amateur MDCA)
  1759 | D:3      | Found a runed translucent door.
  1768 | D:3      | Reached XP level 5. HP: 35/41 MP: 5/5
  1923 | D:3      | Reached skill level 5 in Ranged Weapons
  2166 | D:3      | Reached XP level 6. HP: 35/47 MP: 6/6
  2343 | D:4      | Found a burning altar of Makhleb.
  2531 | D:4      | Noticed Duvessa
  2554 | D:4      | Noticed Dowan
  2571 | D:4      | Killed Duvessa
  2572 | D:4      | Reached skill level 6 in Ranged Weapons
  2572 | D:4      | Reached XP level 7. HP: 39/54 MP: 7/7
  2577 | D:4      | Killed Dowan
  2850 | D:4      | Found Zekhuv's Assorted Antiques.
  2860 | D:4      | Bought a scroll labelled JAYPANOVUM for 19 gold pieces
  2860 | D:4      | Bought a white potion for 17 gold pieces
  2860 | D:4      | Bought a white potion for 17 gold pieces
  2860 | D:4      | Bought a curved ivory wand for 76 gold pieces
  2971 | D:5      | Entered Level 5 of the Dungeon
  3001 | D:5      | Found a blossoming altar of Fedhas.
  3001 | D:5      | Found an ancient bone altar of Kikubaaqudgha.
  3450 | D:5      | Reached XP level 8. HP: 61/61 MP: 8/8
  3524 | D:5      | Noticed Pikel
  3544 | D:5      | Killed Pikel
  3545 | D:5      | Reached skill level 5 in Fighting
  3545 | D:5      | Reached skill level 7 in Ranged Weapons
  4371 | D:6      | Reached skill level 8 in Ranged Weapons
  4420 | D:6      | Reached skill level 5 in Dodging
  4483 | D:6      | Found a staircase to the Ecumenical Temple.
  4505 | D:6      | Found Kisytsecw's Antique Weapon Shoppe.
  4523 | D:6      | Reached XP level 9. HP: 68/69 MP: 9/9
  4526 | Temple   | Entered the Ecumenical Temple
  4531 | Temple   | Became a worshipper of Warmaster Okawaru
  4607 | D:6      | Found Noggo's Armour Shoppe.
  4615 | D:6      | Bought a +1 leather armour of poison resistance for 165
                  | gold pieces
  4731 | D:6      | Reached skill level 1 in Invocations
  4756 | D:6      | Reached * piety under Okawaru
  4928 | D:6      | Found Wurad's Magic Scroll Shoppe.
  4944 | D:6      | Bought a scroll of identify for 20 gold pieces
  4946 | D:6      | Found Raonn's Armour Emporium.
  5049 | D:6      | Reached skill level 9 in Ranged Weapons
  5056 | D:6      | Found Naunuzui's Assorted Antiques.
  5517 | D:7      | Reached ** piety under Okawaru
  5518 | D:7      | Noticed Joseph
  5523 | D:7      | Gained mutation: You are frail. (-10% HP) [potion of
                  | mutation]
  5538 | D:7      | Killed Joseph
  5539 | D:7      | Reached XP level 10. HP: 34/71 MP: 8/11
  5808 | D:7      | Noticed Maggie
  5818 | D:7      | Killed Maggie
  6311 | D:8      | Noticed a deep elf pyromancer
  6312 | D:8      | Noticed a centaur warrior
  6312 | D:8      | Noticed a tengu warrior
  6320 | D:8      | Killed a deep elf pyromancer
  6321 | D:8      | Reached skill level 10 in Ranged Weapons
  6323 | D:8      | Noticed a centaur warrior
  6333 | D:8      | Noticed a cyclops
  6334 | D:8      | Killed a centaur warrior
  6334 | D:8      | Reached *** piety under Okawaru
  6344 | D:8      | Killed a centaur warrior
  6349 | D:8      | Reached **** piety under Okawaru
  6354 | D:8      | Killed a cyclops
  6360 | D:8      | Slain by a tengu warrior

Illustrated notes

Levels and vault maps discovered:
D:1:      erik_arrival_cave_to_civilisation [erik_arrival_cave_to_hall],
          layout_basic, hellmonk_ecumenical_altar_arch_garden,
          minmay_box_of_dots
D:2:      layout_loops_ring, eino_curves_02, uniq_crazy_yiuf_cottage
D:3:      layout_basic, hellmonk_ghost_happy_afterlife, serial_forest,
          infiniplex_forest_lined_ring, infiniplex_forest_straight_3,
          infiniplex_forest_end_1, infiniplex_forest_clump_diagonal,
          infiniplex_forest_corner_1, infiniplex_forest_straight_3, st_stairs_11
D:4:      layout_rooms, nicolae_overflow_hidden_temple, serial_shops, shop,
          uniq_duvessa
D:5:      layout_basic, grunt_temple_overflow_growth_and_decay, chequers_jeans,
          uniq_pikel
D:6:      layout_basic, minmay_temple_entry_trees, serial_shops,
          nicolae_diamond_shop, nicolae_shop_window_shopping, shop, shop, shop,
          hangedman_decor_clover_reticule, chequers_mini_garden
D:7:      layout_basic, uniq_joseph, uniq_maggie
D:8:      minmay_the_grid_octo_triangle [minmay_the_grid_octo_fat_diamond,
          minmay_the_grid_octo_prize_big_c,
          minmay_the_grid_octo_vomiting_pacman], layout_loops_ring,
          general_overflow_altar, ebering_ghost_gozag,
          kennysheep_cross_bottleneck
Temple:   nicolae_temple_bog_church

Skill      XL: |  1  2  3  4  5  6  7  8  9 10 |
---------------+-------------------------------+-----
Ranged Weapons | 4 5 6 8 9 10 | 10.7
Dodging        | 2 3 4 5 6 7 |  7.1
Fighting       | 3 4 6 7 8 |  8.0
Invocations    | 2 4 |  4.1
Stealth        | |  0.7

Action                     |  1- 3 |  4- 6 |  7- 9 | 10-12 || total
---------------------------+-------+-------+-------+-------++-------
   Fire: Sling             |   134 |   326 |   476 |   170 ||  1106
 Invoke: Heroism           |       |       |     1 |     3 ||     4
  Evoke: Wand              |       |       |     3 |     2 ||     5
    Use: Scroll            |     2 |     7 |     5 |       ||    14
         Potion            |       |     1 |     8 |     2 ||    11
 Armour: Leather armour    |     9 |    40 |    54 |    32 ||   135
  Dodge: Dodged            |     4 |    51 |    46 |    35 ||   136

Table legend: (Time is in decaauts)
 A = Elapsed time spent in this place.
 B = Non-inter-level travel time spent in this place.
 C = Inter-level travel time spent in this place.
 D = Time resting spent in this place.
 E = Time spent auto-exploring this place.
 F = Levels seen in this place.
 G = Mean time per level.
                   A        B        C        D        E       F      G
               +--------+--------+--------+--------+--------+-----+--------+
         Total |   6405 |   6185 |    220 |      0 |   5189 |   9 |  711.7 |
       Dungeon |   6394 |   6183 |    211 |      0 |   5189 |   8 |  799.2 |
        Temple |     10 |      2 |      8 |      0 |      0 |   1 |   10.0 |
               +--------+--------+--------+--------+--------+-----+--------+

Top non-repeatable levels by time:
     D:5: 1283 daAuts
     D:7: 1005 daAuts
     D:6: 962 daAuts
     D:2: 919 daAuts
     D:1: 780 daAuts
     D:3: 665 daAuts
     D:4: 653 daAuts
     D:8: 123 daAuts
  Temple: 10 daAuts
